 Dungeon Crawl Stone Soup version 0.26-b1-32-g5d43845318 (webtiles) character file.

Game seed: 8091038030369321

1363 Mgcat the Cleaver (level 8, -1/70 (71) HPs)
             Began as a Hill Orc Fighter on Jan 11, 2021.
             Was a Follower of Okawaru.
             Slain by Crazy Yiuf
             ... wielding a +4 quarterstaff of chaos
              (2 damage)
             ... while paralysed by Crazy Yiuf
             ... on level 6 of the Dungeon.
             The game lasted 00:10:55 (5147 turns).

Mgcat the Cleaver (Hill Orc Fighter)                Turns: 5147, Time: 00:10:55

HP:   -1/70 (71)    AC: 11    Str: 27    XL:     8   Next: 64%
MP:   11/11         EV:  2    Int: 14    God:    Okawaru [*.....]
Gold: 495           SH:  0    Dex: 10    Spells: 7/7 levels left

rFire    . . .     SeeInvis .   a - +0 war axe
rCold    . . .     Faith    .   c - +0 kite shield
rNeg     . . .     Spirit   .   n - +3 ring mail
rPois    .         Reflect  .   (no helmet)
rElec    .         Harm     .   (no cloak)
rCorr    .         Rampage  .   s - +1 pair of gloves
Will     .....                  (no boots)
Stlth    ..........             (no amulet)
HPRegen  0.21/turn              h - +6 ring of strength
MPRegen  0.12/turn              y - +6 ring of intelligence

@: paralysed, lethally poisoned (-1 -> -10), hasted, lightly drained
A: no striking features
a: Renounce Religion, Heroism


You were on level 6 of the Dungeon.
You worshipped Okawaru.
Okawaru was aware of your devotion.
You visited 1 branch of the dungeon, and saw 6 of its levels.

You collected 495 gold pieces.

Inventory:

Hand Weapons
 a - a +0 war axe (weapon)
 C - the +1 mace "Vihoxzic" {vamp, rN+ SInv}
   (You found it on level 5 of the Dungeon)

   It inflicts no extra harm, but heals its wielder when it wounds a living foe.
   It protects you from negative energy.
   It lets you see invisible.
Missiles
 A - 2 throwing nets {=f, !d}
Armour
 b - a +0 chain mail
   (You found it on level 4 of the Dungeon)
 c - a +0 kite shield (worn)
 n - a +3 ring mail (worn)
   (You found it on level 2 of the Dungeon)
 s - a +1 pair of gloves (worn)
   (You found it on level 3 of the Dungeon)
Jewellery
 h - a +6 ring of strength (left hand)
   (You found it on level 1 of the Dungeon)
 y - a +6 ring of intelligence (right hand)
   (You found it on level 3 of the Dungeon)
Scrolls
 e - a scroll of fear {unknown}
 i - 2 scrolls of enchant armour {unknown}
 j - 2 scrolls of blinking {unknown}
 k - 4 scrolls of remove curse
 l - 3 scrolls of teleportation {unknown}
 o - 2 scrolls of amnesia {unknown}
 p - a scroll of enchant weapon {unknown}
 u - a scroll of fog {unknown}
 w - a scroll of magic mapping {!r}
 z - 4 scrolls of identify
 B - a scroll of immolation {unknown}
Potions
 d - a potion of brilliance
 g - 4 potions of heal wounds
 m - 2 potions of attraction {!q}
 q - 2 potions of might
 r - 2 potions of cancellation
 t - a potion of ambrosia
 v - a potion of curing
 x - 2 potions of haste
 D - 2 potions of lignification {unknown}
 E - a potion of magic {unknown}


   Skills:
 + Level 6.5 Fighting
 * Level 9.2 Axes
 - Level 5.0 Armour
 - Level 0.8 Dodging
 - Level 0.1 Stealth
 - Level 5.0 Shields
 + Level 4.6 Invocations


You had 7 spell levels left.
You didn't know any spells.
Your spell library was empty.

Dungeon Overview and Level Annotations

Branches:
Dungeon (6/15)             Temple (0/1) D:4

Altars:
Ashenzari
Cheibriados
Dithmenos
Gozag
Okawaru
Trog
Xom
Zin

Annotations:
D:6 Crazy Yiuf


Message History

Found a stone staircase leading down.
You regained 4 hp, and now have 64/71 hp.
An adder comes into view.
An adder is nearby!
An adder is nearby!
An adder is nearby!
An adder is nearby!
You block the adder's attack. The adder barely misses you.
You miss the adder. You block the adder's attack.
Your shield and ring mail prevent you from hitting the adder.
The adder bites you. x2
You take 4 damage, and have 61/71 hp.
You miss the adder. You block the adder's attack.
You closely miss the adder. The adder bites you.
You are poisoned.
The adder poisons you!
You take 2 damage, and have 59/71 hp.
You slash the adder!
The adder is severely wounded.
You feel sick. You block the adder's attack. x2
You take 1 damage, and have 58/71 hp.
You hit the adder.
You kill the adder!
Okawaru accepts your kill.
No target in view!
No target in view!
You feel sick.
You feel sick.
You feel sick.
You feel sick.
You feel sick.
You feel sick.
You are no longer poisoned.
z - 4 scrolls of identify (gained 2)
There is a stone staircase leading down here.
Found a stone staircase leading up.
You regained 4 hp, and now have 62/71 hp.
m - 2 potions of attraction {!q} (gained 1)
l - 3 scrolls labelled MEZEAP JYXYEZU (gained 1)
Found a broken altar of Ashenzari.
You regained 8 hp, and now have 70/71 hp.
There is a broken altar of Ashenzari here.
Crazy Yiuf shouts!
Crazy Yiuf sings, "Trees, trees, trees, circus!"
There is a stone staircase leading down here.
You now have 474 gold pieces (gained 14).
You now have 487 gold pieces (gained 13).
You now have 495 gold pieces (gained 8).
You see here a ring mail.
Health restored: 71 Spoiler Alert: Crazy Yiuf can hit for high damage in melee!
Could not explore, unopened runed door.
Could not explore, unopened runed door.
Could not explore, unopened runed door.
Could not explore, unopened runed door.
Could not explore, unopened runed door.
Could not explore, unopened runed door.
Spoiler Alert: Crazy Yiuf can hit for high damage in melee!
You open the door. You hit Crazy Yiuf.
Crazy Yiuf is moderately wounded.
Crazy Yiuf hits you with a +4 quarterstaff of chaos.
You feel drained.
You take 2 damage, and have 69/70 hp.
Spoiler Alert: Crazy Yiuf can hit for high damage in melee!
You barely miss Crazy Yiuf.
Crazy Yiuf is moderately wounded.
You hit Crazy Yiuf.
Crazy Yiuf is severely wounded.
Crazy Yiuf hits you with a +4 quarterstaff of chaos!
You are electrocuted!
You take 19 damage, and have 50/70 hp.
MASSIVE DAMAGE!!
Spoiler Alert: Crazy Yiuf can hit for high damage in melee!
You are too injured to fight recklessly!
You hit Crazy Yiuf but do no damage.
Crazy Yiuf is severely wounded.
Crazy Yiuf hits you with a +4 quarterstaff of chaos!
You are poisoned.
You block Crazy Yiuf's attack.
You take 11 damage, and have 39/70 hp.
Spoiler Alert: Crazy Yiuf can hit for high damage in melee!
You hit Crazy Yiuf but do no damage.
Crazy Yiuf is severely wounded.
You feel sick. Crazy Yiuf hits you but does no damage.
You suddenly lose the ability to move!
You feel sick. x2
Crazy Yiuf hits you with a +4 quarterstaff of chaos.
You feel yourself speed up.
You feel sick.
Crazy Yiuf hits you with a +4 quarterstaff of chaos.
You feel as though your hastened speed will last longer.
You feel sick.
Crazy Yiuf hits you with a +4 quarterstaff of chaos.
* * * LOW HITPOINT WARNING * * *
You are electrocuted!!
* * * LOW HITPOINT WARNING * * *
* * * LOW HITPOINT WARNING * * *
You feel sick.
Crazy Yiuf hits you with a +4 quarterstaff of chaos.
You die...

##.### #####....# #..##.>..###
##### #.........## #..)#
#........... #...# #...#.......
... ###.##...... #g# ###..#......
♣♣@♣ #...(#....<. #### ♣.♣♣
#........... ##..## ♣♣.♣
##........(. #....# ♣.♣♣
#........... ##.#.# ♣♣.♣♣
#........... ##..#.### ♣...♣♣
#........... #...._..# ♣....♣
#.....<..... ####.#.#.### #....#
###.........
.......#...####..########........


You could see Crazy Yiuf.

Vanquished Creatures
  Sigmund (D:2)
  Menkaure (D:6)
  Duvessa (D:5)
  An orc warrior (D:5)
  A phantom (D:6)
  3 ogres
  A bullfrog (D:6)
  Dowan (D:5)
  A centaur zombie (D:5)
  A centaur skeleton (D:4)
  2 hounds (D:4)
  2 orc wizards
  A jelly (D:2)
  A hound skeleton (D:6)
  A worker ant zombie (D:6)
  8 adders
  2 white imps
  An ufetubus (D:6)
  3 oozes
  An adder skeleton (D:6)
  A worm (D:3)
  A dart slug (D:1)
  5 leopard geckos
  11 orcs
  2 ball pythons (D:3)
  9 bats
  14 giant cockroaches
  4 goblins
  6 hobgoblins
  3 jackals (D:4)
  9 kobolds
  4 frilled lizards
  6 rats
109 creatures vanquished.

Notes
Turn   | Place    | Note
-------+----------+-------------------------------------------
     0 | D:1      | Mgcat the Hill Orc Fighter began the quest for the Orb.
     0 | D:1      | Reached XP level 1. HP: 19/19 MP: 1/1
   192 | D:1      | Reached XP level 2. HP: 27/27 MP: 2/2
   534 | D:1      | Reached skill level 3 in Axes
   851 | D:1      | Reached XP level 3. HP: 33/33 MP: 3/3
  1158 | D:2      | Noticed Sigmund
  1166 | D:2      | Killed Sigmund
  1167 | D:2      | Reached skill level 4 in Fighting
  1167 | D:2      | Reached skill level 5 in Axes
  1167 | D:2      | Reached skill level 4 in Armour
  1167 | D:2      | Reached skill level 4 in Shields
  1167 | D:2      | Reached XP level 4. HP: 11/40 MP: 0/4
  1167 | D:2      | Reached XP level 5. HP: 13/46 MP: 0/5
  1860 | D:2      | Found a shadowy altar of Dithmenos.
  1975 | D:2      | Reached XP level 6. HP: 52/53 MP: 6/6
  2159 | D:3      | Found a shimmering altar of Xom.
  2159 | D:3      | Found a shimmering altar of Xom.
  2159 | D:3      | Found a shimmering altar of Xom.
  2159 | D:3      | Found a shimmering altar of Xom.
  2203 | D:3      | Found a shimmering altar of Xom.
  2204 | D:3      | Found a shimmering altar of Xom.
  2204 | D:3      | Found a shimmering altar of Xom.
  2506 | D:3      | Found a shimmering altar of Xom.
  2699 | D:4      | Reached skill level 6 in Axes
  2705 | D:4      | Found a glowing drain.
  2761 | D:4      | Found an iron altar of Okawaru.
  2764 | D:4      | Became a worshipper of Warmaster Okawaru
  2836 | D:4      | Found an opulent altar of Gozag.
  2921 | D:4      | Found a staircase to the Ecumenical Temple.
  2934 | D:4      | Reached XP level 7. HP: 54/60 MP: 7/7
  2936 | D:4      | Reached skill level 5 in Armour
  2936 | D:4      | Reached skill level 1 in Invocations
  3387 | D:5      | Entered Level 5 of the Dungeon
  3396 | D:5      | Reached skill level 5 in Fighting
  3430 | D:5      | Reached skill level 5 in Shields
  3576 | D:5      | Reached skill level 7 in Axes
  3576 | D:5      | Reached skill level 2 in Invocations
  3657 | D:5      | Reached * piety under Okawaru
  3717 | D:5      | Noticed Duvessa
  3717 | D:5      | Noticed Dowan
  3735 | D:5      | Killed Duvessa
  3736 | D:5      | Reached skill level 3 in Invocations
  3736 | D:5      | Reached XP level 8. HP: 65/70 MP: 10/10
  3742 | D:5      | Killed Dowan
  3743 | D:5      | Reached skill level 8 in Axes
  3850 | D:5      | Found a bloodstained altar of Trog.
  3855 | D:5      | Found a snail-covered altar of Cheibriados.
  4442 | D:5      | Found a glowing silver altar of Zin.
  4509 | D:5      | Got a scorched mace
  4511 | D:5      | Identified the cursed +1 mace "Vihoxzic" {vamp, rN+ SInv}
                  | (You found it on level 5 of the Dungeon)
  4559 | D:6      | Noticed Menkaure
  4585 | D:6      | Killed Menkaure
  4586 | D:6      | Reached skill level 6 in Fighting
  4586 | D:6      | Reached skill level 4 in Invocations
  4787 | D:6      | Reached skill level 9 in Axes
  4957 | D:6      | Found a broken altar of Ashenzari.
  4995 | D:6      | Found a runed translucent door.
  4996 | D:6      | Noticed Crazy Yiuf
  5142 | D:6      | Paralysed by Crazy Yiuf for 6 turns
  5146 | D:6      | HP: 1/70 [Crazy Yiuf/+4 quarterstaff of chaos (20)]
  5147 | D:6      | Slain by Crazy Yiuf

Illustrated notes

Levels and vault maps discovered:
D:1:      lemuel_arrival_cross, layout_loops_cross, serial_co_window_serial,
          co_window_corner_a, co_window_paths_a, co_window_paths_b,
          co_window_cross_1, co_window_paths_a, co_window_of_opportunity_a,
          co_window_cross_3, co_window_broadway_b, co_window_2corner,
          co_window_corner_ca, co_window_cross_2, co_window_2corner,
          co_window_corner_b, glass_columns_b, glass_columns_c, glass_columns_a
D:2:      layout_basic, grunt_dithmenos_smoke_and_mirrors, serial_curves,
          eino_curves_02, eino_curves_02, minmay_fractal_squares_gapless_5,
          uniq_sigmund
D:3:      layout_rooms, marbit_many_paths, nicolae_xom_altar_mimics
D:4:      layout_loops_ring, grunt_gozag_breadcrumbs, kennysheep_mini,
          minmay_temple_entry_tees, gup_sewer_entry_pipe
D:5:      layout_basic, lemuel_coloured_pillars_altar, minitemple,
          serial_co_window_serial, co_window_paths_a, co_window_corner_a,
          co_window_corner_a, co_window_paths_a, co_window_corner_a,
          co_window_paths_b, co_window_broadway_b, co_window_broadway_c,
          co_window_corner_ca, glass_columns_a, uniq_duvessa
D:6:      layout_cave_pools, lemuel_crystal_altar, uniq_crazy_yiuf_cottage,
          uniq_menkaure

Skill      XL: |  1  2  3  4  5  6  7  8 |
---------------+-------------------------+-----
Axes           | 3 5 6 7 9 |  9.2
Fighting       | 4 5 6 |  6.5
Armour         | 4 5 |  5.0
Shields        | 4 5 |  5.0
Invocations    | 3 4 |  4.6
Dodging        | |  0.8
Stealth        | |  0.1

Action                   |  1- 3 |  4- 6 |  7- 9 || total
-------------------------+-------+-------+-------++-------
Melee: War axe           |    95 |   153 |   128 ||   376
       Mace              |       |       |     3 ||     3
  Use: Potion            |     1 |     1 |       ||     2
       Scroll            |       |     8 |     2 ||    10
Armor: Scale mail        |    51 |     2 |       ||    53
       Ring mail         |       |    54 |    34 ||    88
Dodge: Dodged            |    44 |    56 |    29 ||   129
Block: Kite shield       |    64 |    82 |    64 ||   210

Table legend: (Time is in decaauts)
 A = Elapsed time spent in this place.
 B = Non-inter-level travel time spent in this place.
 C = Inter-level travel time spent in this place.
 D = Time resting spent in this place.
 E = Time spent auto-exploring this place.
 F = Levels seen in this place.
 G = Mean time per level.
                   A        B        C        D        E       F      G
               +--------+--------+--------+--------+--------+-----+--------+
         Total |   5263 |   4940 |    323 |    474 |   3466 |   6 |  877.2 |
       Dungeon |   5263 |   4940 |    323 |    474 |   3466 |   6 |  877.2 |
               +--------+--------+--------+--------+--------+-----+--------+

Top non-repeatable levels by time:
     D:2: 1159 daAuts
     D:5: 1154 daAuts
     D:1: 1051 daAuts
     D:4: 818 daAuts
     D:6: 622 daAuts
     D:3: 457 daAuts

Table legend:
 A = Kills in this place as a percentage of kills in entire the game.
 B = Kills by you in this place as a percentage of kills by you in the entire game.
 C = Kills by friends in this place as a percentage of kills by friends in the entire game.
 D = Other kills in this place as a percentage of other kills in the entire game.
 E = Experience gained in this place as a percentage of experience gained in the entire game.
 F = Experience gained in this place divided by the number of levels of this place that you have seen.
                   A       B       C       D       E      F
               +-------+-------+-------+-------+-------+----------------------
         Total | 100.0 | 100.0 |   N/A |   N/A | 100.0 | 324.7
       Dungeon | 100.0 | 100.0 |   N/A |   N/A | 100.0 | 324.7
               +-------+-------+-------+-------+-------+----------------------
